 Dungeon Crawl Stone Soup version 0.19.1 (webtiles) character file.

65 esteth the Conjurer (level 3, 0/24 HPs)
             Began as a Demonspawn Conjurer on Dec 11, 2016.
             Slain by an adder (2 damage)
             ... on level 2 of the Dungeon on Dec 12, 2016.
             The game lasted 00:06:26 (1479 turns).

esteth the Conjurer (Demonspawn Conjurer)           Turns: 1479, Time: 00:06:27

Health: 0/24       AC:  3    Str:  8    XL:     3   Next: 92%
Magic:  4/7        EV: 16    Int: 17    God:
Gold:   78         SH:  0    Dex: 13    Spells: 1 memorised, 7 levels left

rFire  . . .     SeeInvis .     f - -3 trident (curse)
rCold  . . .     Gourm    .     a - +0 robe
rNeg   . . .     Faith    .     (no shield)
rPois  .         Spirit   .     (no helmet)
rElec  .         Reflect  .     (no cloak)
rCorr  .         Harm     .     g - +0 pair of gloves
MR     .....                    (no boots)
Stlth  +++.......               (no amulet)
                                (no ring)
                                j - +4 ring of evasion

@: lethally poisoned (0 -> -2), hasted, very quick
A: claws 1, nightstalker 1
a: no special abilities


You were on level 2 of the Dungeon.
You were not hungry.

You visited 1 branch of the dungeon, and saw 2 of its levels.

You collected 78 gold pieces.

Inventory:

Hand Weapons
 e - a +0 whip
 f - a cursed -3 trident (weapon)
Armour
 a - a +0 robe (worn)
 g - a +0 pair of gloves (worn)
 k - a +0 animal skin
Jewellery
 j - a +4 ring of evasion (left hand)
Potions
 d - a potion of degeneration {unknown}
 m - a potion of brilliance {unknown}
Books
 b - a book of Conjurations

   Spells                             Type                      Level
   a - Magic Dart                     Conjuration                  1
   b - Searing Ray                    Conjuration                  2
   c - Dazzling Spray                 Conjuration/Hexes            3
   d - Fulminant Prism                Conjuration/Hexes            4
   e - Iskenderun's Mystic Blast      Conjuration                  4
   f - Iskenderun's Battlesphere      Conjuration/Charms           5
Comestibles
 c - a bread ration
 i - a meat ration
 l - a royal jelly


   Skills:
 - Level 0.1 Maces & Flails
 - Level 1.7 Dodging
 - Level 2.0 Stealth
 * Level 3.0 Spellcasting
 + Level 4.8 Conjurations


You had 7 spell levels left.
You knew the following spells:

 Your Spells              Type           Power        Failure   Level  Hunger
a - Magic Dart            Conj           ###.         2%          1    None


Dungeon Overview and Level Annotations

Branches:
Dungeon (2/15)

Altars:
Fedhas


Innate Abilities, Weirdness & Mutations

You have sharp fingernails.
You are slightly more attuned to the shadows.


Message History

The adder bites you.
* * * LOW HITPOINT WARNING * * *
Casting: Magic Dart
Confirm with . or Enter, or press ? or * to list all spells.
Aiming: Magic Dart
Press: ? - help, Shift-Dir - straight line, f - adder
Aim: an adder (lightly wounded)
The magic dart hits the adder.
The adder is moderately wounded.
You feel sick. The adder bites you.
* * * LOW HITPOINT WARNING * * *
The adder misses you.
Casting: Magic Dart
Confirm with . or Enter, or press ? or * to list all spells.
Aiming: Magic Dart
Press: ? - help, Shift-Dir - straight line, f/p - adder
Aim: an adder (moderately wounded)
Okay, then.
It was a potion of haste.
You feel yourself speed up. The adder bites you.
You die...

.# #...........# .#####
#....)......# .....#
#...........# ....(#
#...........# ..<..#
#...........# ...)(#
#(..........#####.
.....######(................
....('....#.................
....[####.#.....@S........8.
....)##...(......#####......
...[.##..........# ......
...).(...........# ......
....(............# ......
.................# ###...
.................# .8.
.................#
.......##+########


You could see an adder.

Vanquished Creatures
  Robin (D:2)
  An adder (D:2)
  2 oozes
  2 dart slugs (D:1)
  3 bats (D:1)
  A giant cockroach (D:1)
  10 goblins
  4 hobgoblins (D:1)
  4 kobolds
  2 frilled lizards (D:2)
  2 rats
32 creatures vanquished.

Notes
Turn   | Place    | Note
-------+----------+-------------------------------------------
     0 | D:1      | esteth the Demonspawn Conjurer began the quest for the Orb.
     0 | D:1      | Reached XP level 1. HP: 13/13 MP: 3/3
   170 | D:1      | Gained mutation: You have sharp fingernails. [demonic ancestry]
   170 | D:1      | Reached XP level 2. HP: 19/19 MP: 1/5
   906 | D:1      | Gained mutation: You are slightly more attuned to the shadows. [demonic ancestry]
   906 | D:1      | Reached XP level 3. HP: 24/24 MP: 4/6
  1021 | D:2      | Noticed Robin
  1049 | D:2      | Killed Robin
  1360 | D:2      | Found a blossoming altar of Fedhas.
  1479 | D:2      | Slain by an adder

Skill      XL: |  1  2  3 |
---------------+----------+-----
Stealth        | 2 |  2.0
Spellcasting   | 3 |  3.0
Maces & Flails | |  0.1
Dodging        | |  1.7
Conjurations   | |  4.8

Action                   || total
-------------------------++-------
Melee: Whip              ||    44
       Trident           ||    10
 Cast: Magic Dart        ||    50
  Use: Potion            ||     3
       Scroll            ||     2
  Eat: Bread ration      ||     1
       Chunk             ||     1
Armor: Robe              ||    10
Dodge: Dodged            ||    62
